woodfighter, neutral female human Healer ------ ----------- |*.(..######|.........| ------- |.<..| #|......>..|#######-....*| |..... #..........+# |.....| |.|*.| #-----------# #......| |..... ###################----|-- ------ # # # # # ### # # # # # ######## ------+--# #-.--- |...}}}}f# #|...| |..}}}}}| #|...----- |?.}};F;| #|.......| ...$..@.| #|.......| --------- #........| --------- woodfighter the Empiric Experience level: 4 Strength: 11 Dexterity: 8 Constitution: 16 Intelligence: 10 Wisdom: 15 Charisma: 17 Health: 0(33) Energy: 26(26) Def: 8 Gold: 1583 Moves: 2718 Dungeon seed: uYvWjLvoAsaHrkfA Game ID: woodfighter_1504716155 Your Inventory: Coins $ - 1583 gold pieces Amulets v - a cursed amulet of restful sleep Weapons a - a +0 scalpel (weapon in hand) r - 33 +0 darts (in quiver) s - a blessed +3 dart t - a cursed -2 dart u - a poisoned +0 dart Armor e - an uncursed +1 pair of leather gloves (being worn) n - an uncursed +0 dwarvish mithril-coat (being worn) Comestibles k - 5 blessed eucalyptus leaves l - a blessed sprig of wolfsbane o - 6 uncursed apples q - an uncursed food ration D - an uncursed tripe ration Scrolls F - a cursed scroll of punishment K - an uncursed scroll of remove curse M - 3 uncursed scrolls of identify O - an uncursed scroll of enchant weapon R - a cursed scroll of remove curse V - an uncursed scroll of scare monster Spellbooks J - an uncursed spellbook of healing Potions G - an uncursed potion of sickness Wands g - a wand of sleep (0:8) p - a wand of sleep (0:8) H - a wand of enlightenment (0:13) W - a wand of speed monster (0:7) Tools b - an uncursed stethoscope z - an uncursed tallow candle (0:200) Spells and supernatural/magical abilities: Name Level Category Fail Memory h - healing 1 healing 60% 87% x - extra healing 3 healing 74% 87% S - stone to flesh 3 healing 88% 87% W - pray for help -- divine ? -- Your skills at the end: Miscellaneous Skills wands [Basic] Weapon Skills knife [Basic] Spellcasting Skills healing spells [Basic] Final Attributes: You were devoutly aligned. You were poison resistant. You were very stealthy. You were lucky. You are dead. Vanquished creatures: a rock piercer a gnome lord an iguana a jitterbug 2 giant bats 3 coyotes an acid blob a hobgoblin a cave spider a gnome 10 jackals a fox a kobold 8 newts 3 goblins 3 sewer rats 8 grid bugs 2 bats 3 lichens 52 creatures vanquished. Voluntary challenges: You did not adorn yourself with jewelry or accessories. You did not cause conflict. You were not invisible. You did not have reflection. You were not displaced. You had been an atheist until turn 1811. You used a wielded weapon 88 times, starting on turn 21. You did not use containers. You did not apply a unicorn horn. You did not use plumbed fixtures. You did not drink any magical draughts. You were illiterate. You never genocided any monsters. You never polymorphed an object. You never changed form. You used no wishes. You never split a pudding. You never wrote Elbereth's name. You never violated your personal moral code. Dungeon overview: The Dungeons of Doom: levels 1 to 7 Level 1 some fountains, a sink a long staircase Level 2 (box) a general store, a fountain Level 3 a fountain Level 4 an altar to Hermes stairs to The Gnomish Mines Level 5 a scroll shop Level 6 (box) <- You were here Level 7 The Gnomish Mines: Level 5 stairs to The Dungeons of Doom History has recorded: On T:1 you entered the Dungeons of Doom to retrieve the Amulet of Yendor! On T:280 you reached level 2 of The Dungeons of Doom. On T:471 you advanced to experience level 2. On T:645 you reached level 3 of The Dungeons of Doom. On T:1329 you advanced to experience level 3. On T:1402 you reached level 4 of The Dungeons of Doom. On T:1665 you reached level 5 of The Dungeons of Doom. On T:1803 you advanced to experience level 4. On T:1871 you reached level 1 of The Gnomish Mines. On T:2195 you reached level 6 of The Dungeons of Doom. On T:2569 you reached level 7 of The Dungeons of Doom. Score breakdown: Gold: 403 ( 40 points) Experience: 4 levels ( 300 points) Exploration: 7 levels ( 180 points) Discoveries: 13 items ( 650 points) Variety of kills: 19 monsters ( 950 points) Major goal: (nothing yet) ( 0 points) Survival: died (score multiplied by 3) Total score: 6360 Latest messages: Kitty misses the coyote. You hack the coyote. The coyote is heavily wounded. Kitty misses the coyote. The coyote bites! You kill the coyote! $ - 3 gold pieces. You displace kitty. You see here 11 darts. (2x) r - 11 uncursed darts (in quiver). You named this level: box. You displace kitty. You stop exploring. You displace kitty. You hear a hollow sound. This must be a secret door! The door opens. W - a jeweled wand. You see here 9 rocks. You displace kitty. $ - 9 gold pieces. You displace kitty. You stop exploring. You displace kitty. The piranha bites! (4x) You die... Final status: Goodbye woodfighter the Healer, killed by a piranha... You died in The Dungeons of Doom on dungeon level 6 with 6360 points, and 1583 pieces of gold, after 2718 moves. You were level 4 with a maximum of 33 hit points when you died.